 Dungeon Crawl Stone Soup version 0.29.1-1-gd02db6906a (webtiles) character file.

Game seed: 10196053700563149707

63 Senryu the Twirler (level 3, -8/30 HPs)
             Began as a Draconian Gladiator on Oct 2, 2022.
             Mangled by a yak (9 damage)
             ... on level 4 of the Dungeon.
             The game lasted 00:04:59 (1374 turns).

Senryu the Twirler (Draconian Gladiator)            Turns: 1374, Time: 00:05:00

Health: -8/30      AC:  5    Str: 13 (16) XL:     3   Next: 89%
Magic:  3/3        EV: 12    Int:  9 (10) God:
Gold:   128        SH:  0    Dex: 11 (12) Spells: 2/2 levels left

rFire   . . .      SeeInvis .   a - +1 quarterstaff
rCold   . . .      Faith    .   (shield currently unavailable)
rNeg    . . .      Spirit   .   (body armour unavailable)
rPois   .          Reflect  .   b - +0 hat
rElec   .          Harm     .   (no cloak)
rCorr   .          Rampage  .   (no gloves)
Will    .....                   (no boots)
Stlth   +.........              (no amulet)
HPRegen 0.10/turn               (no ring)
MPRegen 0.08/turn               (no ring)

@: brilliant
A: AC +5, unfitting armour, cold-blooded
a: no special abilities


You were on level 4 of the Dungeon.
You visited 1 branch of the dungeon, and saw 4 of its levels.

You collected 128 gold pieces.

Inventory:

Hand Weapons
 a - a +1 quarterstaff (weapon)
Missiles
 d - a javelin (quivered)
 f - 2 poisoned darts
Armour
 b - a +0 hat (worn)
Potions
 g - 2 potions of mutation
 h - a potion of brilliance


   Skills:
 * Level 2.6 Fighting
 * Level 3.9 Staves
 * Level 2.1 Throwing
 * Level 3.1 Dodging
 * Level 0.8 Stealth


You had 2 spell levels left.
You didn't know any spells.
Your spell library contained the following spells:

 Spells                   Type           Power      Damage    Failure   Level
 Slow                     Hex            0%         N/A       38%         1
 Confusing Touch          Hex            0%         N/A       77%         3
 Vampiric Draining        Necr           0%         2d6       77%         3


Dungeon Overview and Level Annotations

Branches:
Dungeon (4/15)
 Temple: D:4-7

Altars:
Ru

Annotations:
D:4 Dowan, Duvessa, Eustachio, Pikel


Innate Abilities, Weirdness & Mutations

Your plain brown scales are hard. (AC +5)
You cannot fit into any form of body armour.
You are cold-blooded and may be slowed by cold attacks.


Message History

The orc shouts!
A yak comes into view.
Eustachio closely misses you.
A yak comes into view.
As you read the scroll labelled ROBREBE JULYN, it crumbles to dust.
It is a scroll of enchant weapon.
Your +0 quarterstaff glows red for a moment.
The yak bellows! x2; You hear a bellow!
A yak comes into view.
Eustachio hits you with a +0 rapier.
The orc priest mumbles some strange prayers to Beogh against you.
Beogh smites you!
Ouch! That really hurt!
* * * LOW HITPOINT WARNING * * *
The yak gores you but does no damage.
Duvessa, Sister of Dowan comes into view.
She is wielding a +0 short sword.
A yak comes into view.
Dowan shouts!
As you read the scroll labelled SUCUUD QOGEY, it crumbles to dust.
Wisps of shadow whirl around you...
It was a scroll of summoning.
You hear a shout!
Eustachio hits you with a +0 rapier.
* * * LOW HITPOINT WARNING * * *
The yak misses you.
It was a potion of brilliance.
You feel clever all of a sudden.
Eustachio casts a spell.
Eustachio blinks!
The yak completely misses you.
Your adder barely misses the yak.
It was a potion of degeneration.
There was something very wrong with that liquid.
You feel weakened.
You feel dopey.
You feel clumsy.
The orc priest invokes the aid of Beogh against you.
Pain shoots through your body!
* * * LOW HITPOINT WARNING * * *
The endoplasm freezes you.
You are frozen.
* * * LOW HITPOINT WARNING * * *
The yak gores you!
You die...

................♣
#...5.@..
.........##..#.♣♣
#.5K5.<.. ..###..#.
#.##♣♣ ♣........ ..##.
#.# ♣....o...
.###.##.##♣♣ ♣......##
......#.##.♣♣ ♣......##
#.....##.@♣♣ ....o..
##.........♣♣.♣♣......?.
#^.......g@J.....(...oe.
#......>.YJo......
#........Soo......
#.........Y...e...
#..$....Y..o..e...
#...#....YY........
#..................
...................


You could see Eustachio (ally target), 5 yaks, Duvessa, Dowan, an orc priest, 3
orcs, an endoplasm, a friendly adder (summoned), a friendly endoplasm (summoned)
and a friendly hobgoblin (summoned).

Vanquished Creatures
  A lemure (D:3)
  2 gnolls (D:3)
  2 adders (D:2)
  A worm (D:2)
  6 endoplasms
  A giant cockroach (D:3)
  A goblin (D:4)
  A hobgoblin (D:3)
  3 kobolds
  A quokka (D:2)
  A ball python (D:2)
  A bat (D:3)
  4 frilled lizards
25 creatures vanquished.

Vanquished Creatures (others)
  6 plants (D:3)
6 creatures vanquished.

Grand Total: 31 creatures vanquished

Notes
Turn   | Place    | Note
-------+----------+-------------------------------------------
     0 | D:1      | Senryu the Draconian Gladiator began the quest for the Orb.
     0 | D:1      | Reached XP level 1. HP: 17/17 MP: 1/1
   162 | D:2      | Reached XP level 2. HP: 24/24 MP: 2/2
   276 | D:2      | Reached XP level 3. HP: 6/30 MP: 3/3
   726 | D:4      | Noticed Eustachio
   726 | D:4      | Noticed Pikel
   726 | D:4      | Noticed a lemure
   726 | D:4      | Noticed a lemure
   726 | D:4      | Noticed a lemure
   726 | D:4      | Noticed a lemure
   728 | D:4      | Noticed Dowan
   745 | D:3      | Killed a lemure
  1008 | D:3      | Found a sacrificial altar of Ru.
  1364 | D:4      | Noticed a yak
  1370 | D:4      | Noticed a yak
  1370 | D:4      | Noticed a yak
  1371 | D:4      | Noticed a yak
  1371 | D:4      | Noticed Duvessa
  1371 | D:4      | Noticed a yak
  1374 | D:4      | HP: 1/30 [frozen (3)]
  1374 | D:4      | Mangled by a yak

Illustrated notes

Levels and vault maps discovered:
D:1:      lightli_arrival_lavapool, layout_basic,
          dreamdust_ecumenical_altar_grove, minmay_misc_feat_ornament,
          minmay_cupped
D:2:      layout_basic, serial_shops, shop, minmay_close_crescents, uniq_sigmund
D:3:      layout_basic, amcnicky_altar_gilded, nicolae_grassy_gnolls
D:4:      layout_rooms, good_gods_temple_1, jmf_multi_god_temple2, serial_shops,
          shop, gup_sewer_entry_glass, uniq_eustachio, uniq_pikel, uniq_duvessa

Skill      XL: |  1  2 |
---------------+-------+-----
Throwing       | 2 |  2.1
Dodging        | 3 |  3.1
Fighting       | |  2.6
Staves         | |  3.9
Stealth        | |  0.8

Action                   || total
-------------------------++-------
Melee: Quarterstaff      ||    76
       Tailslap          ||     9
Throw: Throwing net      ||     6
       Dart              ||     2
       Javelin           ||     1
  Use: Scroll            ||     3
       Potion            ||     2
 Stab: Sleeping          ||     1
Armor: Skin              ||    22
Dodge: Dodged            ||    33
